 Dungeon Crawl Stone Soup version 0.26.1-11-gd32895ea62 (webtiles) character file.

Game seed: 11887064089834666437

611 GenialerGandalf the Chopper (level 7, -2/60 HPs)
             Began as a Hill Orc Fighter on July 11, 2021.
             Slain by a two-headed ogre
             ... wielding a +0 giant spiked club
              (11 damage)
             ... on level 4 of the Dungeon.
             The game lasted 00:18:51 (6377 turns).

GenialerGandalf the Chopper (Hill Orc Fighter)      Turns: 6377, Time: 00:18:52

Health: -2/60      AC: 15    Str: 21    XL:     7   Next: 43%
Magic:  9/9        EV:  6    Int:  8    God:
Gold:   152        SH: 14    Dex: 10    Spells: 9/9 levels left

rFire    + . .     SeeInvis .   a - +0 war axe
rCold    . . .     Faith    .   y - +0 tower shield
rNeg     . . .     Spirit   .   w - +0 plate armour
rPois    .         Reflect  .   (no helmet)
rElec    .         Harm     .   (no cloak)
rCorr    .         Rampage  .   (no gloves)
Will     .....                  p - +2 pair of boots
Stlth    ..........             l - amulet of regeneration
HPRegen  0.60/turn              n - +4 ring of evasion
MPRegen  0.11/turn              r - ring of protection from fire

@: no status effects
A: no striking features
a: no special abilities


You were on level 4 of the Dungeon.
You visited 1 branch of the dungeon, and saw 4 of its levels.

You collected 152 gold pieces.

Inventory:

Hand Weapons
 a - a +0 war axe (weapon)
Armour
 b - a +0 scale mail
 c - a +0 kite shield
 e - a +1 chain mail of fire resistance
 p - a +2 pair of boots (worn)
 w - a +0 plate armour (worn)
 y - a +0 tower shield (worn)
Jewellery
 l - an amulet of regeneration (around neck)
 n - a +4 ring of evasion (left hand)
 r - a ring of protection from fire (right hand)
Wands
 q - a wand of enslavement (6)
 v - a wand of flame (13)
Scrolls
 g - 3 scrolls of amnesia
 h - 2 scrolls of remove curse {unknown}
 i - a scroll of blinking
 j - a scroll of noise {unknown}
 m - a scroll of enchant weapon {unknown}
 s - a scroll of random uselessness
 t - a scroll of teleportation {unknown}
 x - a scroll of immolation {unknown}
Potions
 d - a potion of might
 f - a potion of flight {unknown}
 k - a potion of mutation {unknown}
 o - 2 potions of brilliance
 u - a potion of invisibility {unknown}


   Skills:
 + Level 4.8 Fighting
 + Level 6.3 Axes
 + Level 4.8 Armour
 + Level 0.2 Dodging
 + Level 4.5 Shields
 * Level 1.7 Spellcasting
 * Level 2.3 Evocations


You had 9 spell levels left.
You didn't know any spells.
Your spell library was empty.

Dungeon Overview and Level Annotations

Branches:
Dungeon (4/15)
 Temple: D:4-7

Altars:
Elyvilon
Kikubaaqudgha
Okawaru
Ru
Trog
Vehumet
Xom


Message History

The two-headed ogre hits you but does no damage.
You hit the two-headed ogre but do no damage.
The two-headed ogre is lightly wounded.
The two-headed ogre hits you with a +0 giant spiked club!!
* * * LOW HITPOINT WARNING * * *
You block the two-headed ogre's attack.
You slash the two-headed ogre!
The two-headed ogre is heavily wounded.
The two-headed ogre hits you with a +0 giant spiked club.
* * * LOW HITPOINT WARNING * * *
The two-headed ogre hits you but does no damage.
You hit the two-headed ogre but do no damage.
The two-headed ogre is heavily wounded.
You block the two-headed ogre's attack. x2
You closely miss the two-headed ogre.
The two-headed ogre is heavily wounded.
You hit the two-headed ogre.
The two-headed ogre is heavily wounded.
The two-headed ogre hits you with a +0 giant spiked club!
You die...

.......... ##. ##
#......... ###.. .
..#..##.... ....#.. #.#
#..##... ...#. .#.#.#
#...... ...###:#
#[###..... #.
#...#.#.#.#.#.#.... .##..
#.O..###.###..#....
.....###.@...#...#...#....
..............###.###.....
...#...............†..(. #
##.....(.............
##........†...####..
##......Z......#....
####.............#.....
#.#..............#.....
##...........###..#####.


You could see a two-headed ogre and a leopard gecko skeleton.

Vanquished Creatures
  An ogre (D:4)
  A phantom (D:4)
  A scorpion (D:4)
  An orc wizard (D:3)
  Natasha (thrice) (D:3)
  4 worker ants (D:4)
  Robin (D:3)
  6 adders
  3 worms
  3 leopard geckos
  6 orcs (D:3)
  2 ball pythons
  6 giant cockroaches
  17 goblins
  4 hobgoblins
  5 jackals
  9 kobolds
  3 quokkas
  8 bats
  12 frilled lizards
  26 rats
  48 bushes (D:1)
170 creatures vanquished.

Vanquished Creatures (others)
  15 plants (D:1)
15 creatures vanquished.

Grand Total: 185 creatures vanquished

Notes
Turn   | Place    | Note
-------+----------+-------------------------------------------
     0 | D:1      | GenialerGandalf the Hill Orc Fighter began the quest for
                  | the Orb.
     0 | D:1      | Reached XP level 1. HP: 19/19 MP: 1/1
   325 | D:1      | Reached XP level 2. HP: 26/27 MP: 2/2
   619 | D:1      | Reached skill level 3 in Axes
  1895 | D:1      | Reached XP level 3. HP: 33/33 MP: 3/3
  3458 | D:2      | Found an iron altar of Okawaru.
  3711 | D:2      | Reached XP level 4. HP: 40/40 MP: 4/4
  4030 | D:2      | Found a bloodstained altar of Trog.
  4267 | D:3      | Reached skill level 4 in Axes
  4350 | D:3      | Noticed Robin
  4370 | D:3      | Reached XP level 5. HP: 34/47 MP: 5/5
  4372 | D:3      | Killed Robin
  4575 | D:3      | Found a sacrificial altar of Ru.
  4734 | D:3      | Found a burning altar of Makhleb.
  4737 | D:3      | Found an ancient bone altar of Kikubaaqudgha.
  4737 | D:3      | Found a sacrificial altar of Ru.
  4737 | D:3      | Noticed Natasha
  4739 | D:3      | Found a shimmering altar of Xom.
  4739 | D:3      | Found a radiant altar of Vehumet.
  4739 | D:3      | Found a white marble altar of Elyvilon.
  4744 | D:3      | Killed Natasha
  4745 | D:3      | Reached skill level 1 in Spellcasting
  5305 | D:3      | Reached skill level 1 in Evocations
  5379 | D:3      | Noticed Natasha
  5387 | D:3      | Killed Natasha
  5388 | D:3      | Reached XP level 6. HP: 49/53 MP: 7/7
  5657 | D:3      | Noticed Natasha
  5856 | D:3      | Killed Natasha
  5857 | D:3      | Reached skill level 5 in Axes
  6171 | D:4      | Noticed a phantom
  6231 | D:4      | Killed a phantom
  6232 | D:4      | Reached XP level 7. HP: 60/60 MP: 9/9
  6270 | D:4      | Reached skill level 6 in Axes
  6364 | D:4      | Noticed a two-headed ogre
  6377 | D:4      | Slain by a two-headed ogre

Illustrated notes

Levels and vault maps discovered:
D:1:      kilobyte_arrival_exit_the_forest, layout_rooms, serial_forest,
          infiniplex_forest_lined_2, infiniplex_forest_split,
          infiniplex_forest_fountain, infiniplex_forest_clump_tiny,
          infiniplex_forest_clump_large, infiniplex_forest_end_2
D:2:      layout_basic, okawaru_trees_1, trog_three_pillars_becter
D:3:      layout_rooms, nicolae_ru_great_annihilating_truth,
          doesnt_xom_only_xom, minmay_rat_hole, uniq_natasha, uniq_robin
D:4:      layout_cave_pools, kennysheep_minor_cross, minmay_manual_mail

Skill      XL: |  1  2  3  4  5  6  7 |
---------------+----------------------+-----
Axes           | 3 4 5 6 |  6.3
Armour         | 4 |  4.8
Fighting       | 4 |  4.8
Shields        | 4 |  4.5
Spellcasting   | 1 |  1.7
Evocations     | 1 2 |  2.3
Dodging        | |  0.2

Action                   |  1- 3 |  4- 6 |  7- 9 || total
-------------------------+-------+-------+-------++-------
Melee: War axe           |  1998 |   203 |    37 ||  2238
  Use: Scroll            |       |     5 |       ||     5
 Stab: Paralysed         |       |     1 |       ||     1
Armor: Scale mail        |    10 |       |       ||    10
       Chain mail        |   110 |   105 |       ||   215
       Plate armour      |       |    26 |    15 ||    41
Dodge: Dodged            |    39 |   113 |    14 ||   166
Block: Kite shield       |    84 |   157 |    21 ||   262
       Tower shield      |       |       |     7 ||     7
